 Dungeon Crawl Stone Soup version 0.20-a0-1124-g2e29d97 (webtiles) character file.

4070 mopl the Tainter (level 10, -4/84 HPs)
             Began as a Naga Venom Mage on May 16, 2017.
             Was a Priest of Vehumet.
             Killed from afar by Ijustatesigmund's ghost (24 damage)
             ... with a spray of energy
             ... on level 8 of the Dungeon.
             The game lasted 00:17:20 (7268 turns).

mopl the Tainter (Naga Venom Mage)                  Turns: 7268, Time: 00:17:21

Health: -4/84      AC:  7    Str: 10    XL:     10   Next: 25%
Magic:  6/19       EV: 10    Int: 18    God:    Vehumet [***...]
Gold:   265        SH:  0    Dex: 13    Spells: 7/21 levels left

rFire    . . .     SeeInvis +   e - +0 halberd (chop)
rCold    . . .     Gourm    .   (shield currently unavailable)
rNeg     . . .     Faith    .   a - +0 robe
rPois    +         Spirit   .   n - +0 helmet
rElec    .         Reflect  .   N - +1 cloak
rCorr    .         Harm     .   (no gloves)
MR       ++...                  (no barding)
Stlth    ++........             z - amulet of rage
Regen    0.3/turn               o - ring of protection from magic
MPRegen  0.2/turn               (no ring)

@: slowed, very slow
A: see invisible, deformed body, poison resistance, slowness 2, slow metabolism
1, spit poison 1, AC +3
a: Spit Poison, Renounce Religion, Evoke Berserk Rage


You were on level 8 of the Dungeon.
You worshipped Vehumet.
Vehumet was most pleased with you.
You were very hungry.

You visited 1 branch of the dungeon, and saw 8 of its levels.

You collected 391 gold pieces.
You spent 126 gold pieces at shops.

Inventory:

Hand Weapons
 e - a +0 halberd of chopping (weapon)
 f - a +3 whip of venom
 G - a +2 dagger of venom
 I - a +0 whip of freezing
Missiles
 t - 53 poisoned needles
 M - a throwing net (quivered)
Armour
 a - a +0 robe (worn)
 j - a +0 shield
 n - a +0 helmet (worn)
 s - a +0 buckler
 N - a +1 cloak (worn)
Jewellery
 h - an uncursed amulet of regeneration
 o - a ring of protection from magic (left hand)
 z - an amulet of rage (around neck)
 A - an uncursed amulet of faith {!P}
Wands
 i - a wand of confusion (10/48)
 L - a wand of random effects (2/48)
 P - a wand of acid (8/15)
Scrolls
 g - 2 scrolls of magic mapping
 m - 4 scrolls of fog {unknown}
 p - 2 scrolls of enchant weapon {unknown}
 u - a scroll of enchant armour {unknown}
 w - 5 scrolls of teleportation
 y - 3 scrolls of recharging {unknown}
 B - 2 scrolls of immolation {unknown}
 C - a scroll of noise {unknown}
 J - a scroll of vulnerability {unknown}
 O - a scroll of blinking {unknown}
Potions
 d - 2 potions of mutation {!q}
 k - a potion of might
 l - a potion of ambrosia
 q - a potion of agility
 v - 3 potions of curing
 x - a potion of heal wounds
 D - 2 potions of invisibility
 E - 2 potions of brilliance
 H - a potion of lignification {!q}
 K - 3 potions of flight
Books
 b - a Young Poisoner's Handbook

   Spells                             Type                      Level
   a - Sting                          Conjuration/Poison           1
   b - Poisonous Vapours              Poison/Air                   2
   c - Mephitic Cloud                 Conjuration/Poison/Air       3
   d - Olgreb's Toxic Radiance        Poison                       4
   e - Venom Bolt                     Conjuration/Poison           5
 F - a book of Conjurations

   Spells                             Type                      Level
   a - Magic Dart                     Conjuration                  1
   b - Searing Ray                    Conjuration                  2
   c - Dazzling Spray                 Conjuration/Hexes            3
   d - Fulminant Prism                Conjuration/Hexes            4
   e - Force Lance                    Conjuration/Translocation    4
   f - Iskenderun's Mystic Blast      Conjuration                  4
Comestibles
 c - 8 bread rations
 r - 6 meat rations
 Q - a chunk of flesh


   Skills:
 + Level 3.2 Fighting
 - Level 1.5 Dodging
 - Level 3.0 Stealth
 + Level 6.0 Spellcasting
 * Level 9.2 Conjurations
 + Level 3.3 Air Magic
 + Level 11.0 Poison Magic


You had 7 spell levels left.
You knew the following spells:

 Your Spells              Type           Power        Failure   Level  Hunger
a - Iskenderun's Mystic   Conj           #####...     1%          4    ####...
b - Olgreb's Toxic Radia  Pois           #####...     1%          4    ####...
c - Poisonous Vapours     Pois/Air       ####..       1%          2    None
d - Mephitic Cloud        Conj/Pois/Air  ####....     1%          3    ##.....
e - Sting                 Conj/Pois      ####         1%          1    None


Dungeon Overview and Level Annotations

Branches:
Dungeon (8/15)             Temple (0/1) D:7
   Lair: D:8-11

Altars:
Ashenzari
Kikubaaqudgha
Qazlal
Trog
Vehumet
Yredelemnul
The Shining One

Shops:
D:6 *

Annotations:
D:6 exclusion: door
D:8 Ijustatesigmund's ghost, novice DrCj


Innate Abilities, Weirdness & Mutations

You cannot wear boots.
Your serpentine skin is tough. (AC +3)
You have supernaturally acute eyesight. (SInv)
Armour fits poorly on your strangely shaped body.
Your system is resistant to poisons. (rPois)
You cover ground very slowly.
You have a slow metabolism.
You can spit poison.


Message History

Ijustatesigmund's ghost points at you and mumbles some strange words.
The spray of energy hits you!
You are more confused.
You feel a strong urge to attack something.
You are no longer berserk.
You are exhausted.
You feel yourself slow down. Ijustatesigmund's ghost hits you.
You feel better. Ijustatesigmund's ghost hits you.
Ijustatesigmund's ghost barely misses you.
You hit Ijustatesigmund's ghost but do no damage.
Ijustatesigmund's ghost is severely damaged.
Ijustatesigmund's ghost points at you and mumbles some strange words.
The magic dart hits you!
* * * LOW HITPOINT WARNING * * *
Ijustatesigmund's ghost completely misses you.
You barely miss Ijustatesigmund's ghost.
Ijustatesigmund's ghost is severely damaged.
Ijustatesigmund's ghost points at you and mumbles some strange words.
The spray of energy hits you!
You die...

###### ###
.....## ###.##
......##
##....####
.......#
#........#
.......#
#........#
.......#
#......#.## ####
...[...#
#......#..###....
...>..##
#....@###.#......
......#
#...W.###.......#
......#
#....###........#
.....##
#....###.......##
.....#
#...###.....W.##
.....# #..##
#........# #...##
#### ##.#..###..#
##..# #..#### #..
#### ##.## #.


You could see Ijustatesigmund's ghost.

Vanquished Creatures
  Pikel (D:7)
  A moth of wrath (D:2)
  Maurice (D:8)
  A wraith (D:7)
  Menkaure (D:7)
  4 ice beasts
  An orc warrior (D:7)
  A slave (D:7)
  A phantom (D:5)
  2 sky beasts
  2 ogres (D:7)
  A necrophage (D:7)
  A centaur (D:7)
  An elf zombie (D:7)
  A big kobold (D:8)
  2 scorpions
  5 wights
  A howler monkey (D:7)
  2 crimson imps
  A quasit (D:7)
  8 orc priests
  4 human zombies (D:7)
  2 centaur skeletons
  3 hounds
  A jelly (D:6)
  2 orc wizards
  Terence (D:3)
  A human skeleton (D:7)
  An iguana (D:4)
  2 worker ants
  An ogre skeleton (D:7)
  A hound skeleton (D:7)
  A mummy (D:7)
  4 gnolls
  10 adders
  2 shadow imps
  An ooze (D:1)
  4 worms
  3 dart slugs
  4 leopard geckos
  13 orcs
  4 giant cockroaches
  6 hobgoblins
  15 jackals
  A quokka (D:6)
  2 ball pythons
  4 bats
  7 frilled lizards
  4 goblins
  A goblin zombie (D:5)
  2 hobgoblin zombies (D:5)
  A jackal skeleton (D:5)
  7 kobolds
  A kobold skeleton (D:5)
  A kobold zombie (D:5)
  2 leopard gecko zombies
  An orc skeleton (D:7)
  An orc zombie (D:5)
  3 quokka skeletons
  5 rats
168 creatures vanquished.

Vanquished Creatures (others)
  A slave (D:7)
  A black bear (D:7)
  2 howler monkeys (D:7)
  A worker ant (D:7)
  An adder (D:8)
  A shadow imp (D:7)
7 creatures vanquished.

Grand Total: 175 creatures vanquished

Notes
Turn   | Place    | Note
-------+----------+-------------------------------------------
     0 | D:1      | mopl the Naga Venom Mage began the quest for the Orb.
     0 | D:1      | Reached XP level 1. HP: 15/15 MP: 3/3
    97 | D:1      | Reached XP level 2. HP: 10/22 MP: 5/5
   261 | D:1      | Learned a level 2 spell: Poisonous Vapours
  1018 | D:1      | Reached skill level 2 in Conjurations
  1065 | D:1      | Reached XP level 3. HP: 28/28 MP: 6/6
  1236 | D:2      | Noticed a moth of wrath
  1240 | D:2      | Found a bloodstained altar of Trog.
  1276 | D:2      | Killed a moth of wrath
  1276 | D:2      | Reached skill level 3 in Spellcasting
  1276 | D:2      | Reached skill level 4 in Conjurations
  1276 | D:2      | Reached skill level 6 in Poison Magic
  1276 | D:2      | Reached XP level 4. HP: 36/36 MP: 1/8
  1276 | D:2      | Reached XP level 5. HP: 42/42 MP: 1/9
  1276 | D:2      | Reached XP level 6. HP: 49/49 MP: 1/10
  1315 | D:2      | Learned a level 4 spell: Olgreb's Toxic Radiance
  1319 | D:2      | Learned a level 3 spell: Mephitic Cloud
  1836 | D:2      | Reached XP level 7. HP: 38/55 MP: 8/11
  1838 | D:2      | Reached skill level 7 in Poison Magic
  2087 | D:3      | Found a radiant altar of Vehumet.
  2100 | D:3      | Became a worshipper of Vehumet
  2159 | D:3      | You fall through a shaft for 2 floors!
  2159 | D:5      | Entered Level 5 of the Dungeon
  2513 | D:3      | Noticed Terence
  2516 | D:3      | Killed Terence
  2789 | D:4      | Reached skill level 5 in Conjurations
  3135 | D:4      | Reached * piety under Vehumet
  3135 | D:4      | Offered knowledge of Sandblast by Vehumet.
  3135 | D:4      | Reached skill level 8 in Poison Magic
  3329 | D:4      | Reached skill level 4 in Spellcasting
  3329 | D:4      | Reached XP level 8. HP: 58/62 MP: 12/14
  3409 | D:5      | Learned a level 4 spell: Iskenderun's Mystic Blast
  3773 | D:5      | Found a glowing golden altar of the Shining One.
  3780 | D:5      | Reached skill level 6 in Conjurations
  3817 | D:5      | Reached skill level 9 in Poison Magic
  3984 | D:6      | Found Irig's General Store.
  3992 | D:6      | Bought a potion of agility for 56 gold pieces
  3992 | D:6      | Bought a scroll of random uselessness for 14 gold pieces
  3992 | D:6      | Bought a potion of brilliance for 56 gold pieces
  4260 | D:6      | Noticed a slime creature
  4389 | D:6      | Reached ** piety under Vehumet
  4389 | D:6      | Offered knowledge of Flame Tongue by Vehumet.
  4470 | D:6      | Found a shattered altar of Ashenzari.
  4541 | D:6      | Reached skill level 7 in Conjurations
  4744 | D:6      | Reached XP level 9. HP: 42/68 MP: 7/16
  4747 | D:6      | Reached skill level 10 in Poison Magic
  4812 | D:7      | Found a staircase to the Ecumenical Temple.
  4898 | D:7      | Noticed Menkaure
  5110 | D:7      | Found a stormy altar of Qazlal.
  5249 | D:7      | Reached skill level 1 in Fighting
  5361 | D:7      | Reached skill level 5 in Spellcasting
  5610 | D:7      | Reached skill level 1 in Air Magic
  5616 | D:7      | Noticed Pikel
  5639 | D:7      | Killed Pikel
  5639 | D:7      | Reached skill level 2 in Fighting
  5639 | D:7      | Reached skill level 8 in Conjurations
  5777 | D:7      | Killed Menkaure
  5777 | D:7      | Reached skill level 2 in Air Magic
  5889 | D:7      | Found a basalt altar of Yredelemnul.
  5892 | D:7      | Found a glowing golden altar of the Shining One.
  5895 | D:7      | Noticed an angel
  5908 | D:7      | Noticed a profane servitor
  6086 | D:7      | Found an ancient bone altar of Kikubaaqudgha.
  6315 | D:7      | Offered knowledge of Stone Arrow by Vehumet.
  6648 | D:7      | Reached XP level 10. HP: 25/82 MP: 1/18
  6870 | D:7      | Reached *** piety under Vehumet
  6875 | D:7      | Reached skill level 3 in Air Magic
  6878 | D:7      | Reached skill level 9 in Conjurations
  7010 | D:7      | Reached skill level 3 in Fighting
  7132 | D:8      | Noticed Maurice
  7142 | D:8      | Killed Maurice
  7142 | D:8      | Reached skill level 6 in Spellcasting
  7143 | D:8      | Reached skill level 11 in Poison Magic
  7242 | D:8      | Noticed Ijustatesigmund's ghost (novice DrCj)
  7268 | D:8      | Killed from afar by Ijustatesigmund's ghost

Vault maps used:
D:1:      minmay_arrival_stone_box, st_stairs_1, minivault_23
D:2:      tgw_trog
D:3:      nicolae_overflow_crystal_walls, uniq_terence
D:4:      cheibrodos_pilgrimage
D:5:      first_bread, nicolae_tso_besieged_by_evil
D:6:      lemuel_slime, serial_shops, nicolae_shop_waterfront, abandoned_shop,
          minmay_misc_feat_columns, cheibrodos_ashenzari_chains
D:7:      grunt_temple_overflow_holy_war, nicolae_qazlal_general_emergency,
          lemuel_mausoleum_altar_kikubaaqudgha, minmay_temple_entry_crystal_x,
          grunt_ogre_cave, uniq_pikel, uniq_menkaure
D:8:      serial_shops, shop, uniq_maurice

Skill      XL: |  1  2  3  4  5  6  7  8  9 10 |
---------------+-------------------------------+-----
Conjurations   | 2 4 5 7 8 9 |  9.2
Spellcasting   | 3 4 5 6 |  6.0
Poison Magic   | 6 8 9 10 11 | 11.0
Fighting       | 2 3 |  3.2
Air Magic      | 2 3 |  3.3
Dodging        | |  1.5
Stealth        | |  3.0

Action                   |  1- 3 |  4- 6 |  7- 9 | 10-12 || total
-------------------------+-------+-------+-------+-------++-------
Melee: Whip              |    40 |    30 |   313 |       ||   383
       Spear             |     3 |       |   188 |    36 ||   227
       Dagger            |       |       |    35 |       ||    35
       Halberd           |       |       |       |    43 ||    43
 Cast: Sting             |     4 |       |       |       ||     4
       Poisonous Vapours |     9 |     2 |     4 |     5 ||    20
       Olgreb's Toxic Ra |       |     2 |    12 |     7 ||    21
       Iskenderun's Myst |       |       |    37 |     5 ||    42
       Mephitic Cloud    |       |       |     1 |       ||     1
 Abil: Evoke Berserk Rag |       |       |       |     1 ||     1
Evoke: Wand              |       |       |     4 |       ||     4
  Use: Potion            |     1 |       |     3 |     1 ||     5
       Scroll            |       |       |    13 |       ||    13
 Stab: Sleeping          |     2 |     1 |    15 |       ||    18
       Confused          |       |       |     1 |       ||     1
  Eat: Chunk             |     1 |     2 |    16 |     3 ||    22
       Royal jelly       |       |       |     3 |     1 ||     4
Armor: Robe              |     4 |    11 |    97 |    18 ||   130
       Skin              |       |       |    31 |       ||    31
Dodge: Dodged            |    23 |    21 |   220 |    41 ||   305
